 Dungeon Crawl Stone Soup version 0.29-a0-222-g5b244fca1f (webtiles) character file.

Game seed: 943445991805066112

9858 enile the Covert (level 11, -2/103 HPs)
             Began as a Naga Warper on Feb 28, 2022.
             Was a Believer of Cheibriados.
             Slain by a wolf (9 damage)
             ... on level 9 of the Dungeon.
             The game lasted 00:33:41 (17808 turns).

enile the Covert (Naga Warper)                     Turns: 17808, Time: 00:33:42

Health: -2/103     AC: 12    Str: 20    XL:     11   Next: 53%
Magic:  15/15      EV: 11    Int: 22    God:    Cheibriados [**....]
Gold:   341        SH:  0    Dex: 17    Spells: 9/14 levels left

rFire   + + .      SeeInvis +   M - +3 flail "Wakouck" {venom, rF+ Int+2}
rCold   . . .      Faith    .   (no shield)
rNeg    . . .      Spirit   .   e - +1 robe {rF+}
rPois   +          Reflect  .   s - +2 hat {Stlth+}
rElec   .          Harm     .   (no cloak)
rCorr   .          Rampage  .   l - +3 pair of gauntlets of War {Slay+5}
Will    ++...                   (no barding)
Stlth   ++++++....              (no amulet)
HPRegen 0.27/turn               H - ring of wizardry
MPRegen 0.14/turn               Y - ring of willpower

@: brilliant, on berserk cooldown, slowed, very slow
A: AC +3, large, see invisible, deformed body, poison resistance, slowness 2,
spit poison 1, naga tail 1
a: Spit Poison, Renounce Religion, Bend Time


You were on level 9 of the Dungeon.
You worshipped Cheibriados.
Cheibriados was pleased with you.
You visited 3 branches of the dungeon, and saw 13 of its levels.

You collected 486 gold pieces.
You spent 145 gold pieces at shops.

Inventory:

Hand Weapons
 f - a +0 dagger of protection
 I - a +0 rapier of distortion
 M - the +3 flail "Wakouck" (weapon) {venom, rF+ Int+2}
   (You took it off an orc on level 6 of the Dungeon)

   It poisons the flesh of those it strikes.
   Int:       It affects your intelligence (+2).
   rF:        It protects you from fire.
 Z - a +7 vorpal shortbow
Missiles
 y - a throwing net
 W - 2 curare-tipped darts
Armour
 e - a +1 robe of fire resistance (worn)
 l - the +3 pair of gauntlets of War (worn) {Slay+5}
   (You acquired it on level 4 of the Dungeon)

   Slay:      It affects your accuracy & damage with ranged weapons and melee
   (+5).
 s - a +2 hat of stealth (worn)
 S - the +1 chain mail of the Lion {Slay+2 Stlth+}
   (You took it off a gnoll on level 7 of the Dungeon)

   Slay:      It affects your accuracy & damage with ranged weapons and melee
   (+2).
   Stlth:     It makes you more stealthy.
 V - a +1 pair of gloves of hurling
Jewellery
 r - a ring of protection from cold
 B - a ring of resist corrosion
 H - a ring of wizardry (left hand)
 Y - a ring of willpower (right hand)
Wands
 b - a wand of mindburst (10)
 q - a wand of digging (12)
 z - a wand of paralysis (24)
 A - a wand of acid (8)
 C - a wand of flame (3)
 J - a wand of iceblast (2)
 O - a wand of charming (8)
Scrolls
 c - 2 scrolls of blinking
 h - 2 scrolls of enchant armour
 k - 2 scrolls of immolation
 m - 5 scrolls of vulnerability
 n - 3 scrolls of enchant weapon
 o - 3 scrolls of amnesia
 t - 4 scrolls of teleportation
 D - a scroll of silence
 F - 2 scrolls of holy word
 L - 2 scrolls of noise
 T - a scroll of fog
 X - 2 scrolls of torment
Potions
 d - 4 potions of might
 g - a potion of brilliance
 i - 2 potions of attraction
 j - 3 potions of haste
 p - 2 potions of degeneration
 u - a potion of magic {unknown}
 v - a potion of resistance {unknown}
 w - 2 potions of flight {unknown}
 x - 2 potions of lignification {unknown}
 E - 2 potions of mutation {unknown}
 K - a potion of heal wounds {unknown}
 P - 2 potions of invisibility {unknown}
Miscellaneous
 U - a box of beasts (inert)


   Skills:
 + Level 8.1 Fighting
 - Level 1.4(2.0) Short Blades
 - Level 2.0(2.2) Long Blades
 - Level 7.0 Maces & Flails
 - Level 3.0 Bows
 - Level 4.0 Throwing
 - Level 3.0 Armour
 - Level 4.0 Dodging
 - Level 11.0 Stealth
 - Level 2.0 Spellcasting
 - Level 4.0 Translocations
 - Level 6.0 Invocations
 - Level 7.0 Evocations


You had 9 spell levels left.
You knew the following spells:

 Your Spells              Type           Power      Damage    Failure   Level
a - Blink                 Tloc           58%        N/A       1%          2
b - Teleport Other        Tloc           29%        N/A       3%          3

Your spell library contained the following spells:

 Spells                   Type           Power      Damage    Failure   Level
 Apportation              Tloc           58%        N/A       1%          1
 Gell's Gravitas          Tloc           29%        N/A       3%          3
 Lesser Beckoning         Tloc           29%        N/A       3%          3
 Animate Skeleton         Necr           6%         N/A       6%          1
 Slow                     Hex            12%        N/A       6%          1
 Sting                    Tmut/Pois      12%        1d3       6%          1
 Summon Small Mammal      Summ           12%        N/A       6%          1
 Static Discharge         Conj/Air       3%         N/A       9%          2
 Call Canine Familiar     Summ           3%         N/A       16%         3
 Confusing Touch          Hex            3%         N/A       16%         3
 Inner Flame              Hex/Fire       3%         N/A       16%         3
 Ozocubu's Armour         Ice            3%         N/A       16%         3
 Summon Guardian Golem    Hex/Summ       3%         N/A       16%         3
 Vampiric Draining        Necr           3%         2d6       16%         3
 Manifold Assault         Tloc           29%        N/A       28%         5
 Animate Armour           Summ/Erth      6%         N/A       45%         4
 Cause Fear               Hex            1%         N/A       45%         4
 Dispel Undead            Necr           3%         3d7       45%         4
 Sticky Flame             Conj/Fire      3%         2d3       45%         4
 Blade Hands              Tmut           1%         N/A       80%         5
 Iron Shot                Conj/Erth      1%         9d1       100%        6
 Ozocubu's Refrigeration  Ice            1%         4d5       100%        7
 Discord                  Hex            1%         N/A       100%        8


Dungeon Overview and Level Annotations

Branches:
Dungeon (11/15)            Temple (1/1) D:5            Lair (1/6) D:9
    Orc: D:9-12

Altars:
Ashenzari
Cheibriados
Dithmenos
Elyvilon
Fedhas
Gozag
Hepliaklqana
Kikubaaqudgha
Makhleb
Nemelex Xobeh
Okawaru
Qazlal
Ru
Sif Muna
Trog
Uskayaw
Vehumet
Wu Jian
Xom
Yredelemnul
Zin
The Shining One

Shops:
D:7 *   D:8 ?

Annotations:
D:4 3 runed translucent doors, Rassilon's ghost, amateur GnCA
D:6 2 transporters, yahweh's ghost, novice MiBe
D:9 2 exclusions


Innate Abilities, Weirdness & Mutations

Your serpentine skin is tough. (AC +3)
You have supernaturally acute eyesight. (SInv)
Armour fits poorly on your strangely shaped body.
Your system is resistant to poisons. (rPois)
You cover ground very slowly.
You can spit poison.
You have a snake-like lower body.


Message History

* * * LOW HITPOINT WARNING * * *
The wolf bites you but does no damage. x2; The wolf bites you!
* * * LOW HITPOINT WARNING * * *
You're too confused to move!
You feel a strong urge to attack something.
The wolf barely misses you. The wolf misses you.
The wolf bites you but does no damage. The wolf bites you.
* * * LOW HITPOINT WARNING * * *
The wolf closely misses you. The wolf barely misses you.
The wolf closely misses you.
You're too confused to move!
You are no longer berserk.
You are exhausted.
You feel yourself slow down. The wolf closely misses you. x2
The wolf bites you but does no damage. x2
Okay, then.
It was a potion of brilliance.
You feel clever all of a sudden.
The wolf is no longer moving slowly.
The wolf misses you. The wolf bites you!
* * * LOW HITPOINT WARNING * * *
The wolf bites you but does no damage. The wolf bites you.
* * * LOW HITPOINT WARNING * * *
The wolf bites you but does no damage. x3; The wolf bites you.
* * * LOW HITPOINT WARNING * * *
The wolf bites you.
* * * LOW HITPOINT WARNING * * *
You are too confused!
You barely miss the wolf.
You feel less invigorated.
You feel less confused. The wolf barely misses you. The wolf bites you.
* * * LOW HITPOINT WARNING * * *
The wolf closely misses you. The wolf bites you.
* * * LOW HITPOINT WARNING * * *
The wolf bites you but does no damage. The wolf barely misses you.
The wolf closely misses you. The wolf bites you but does no damage.
You closely miss the wolf.
The wolf is no longer moving slowly.
The wolf bites you.
* * * LOW HITPOINT WARNING * * *
The wolf bites you but does no damage. x4; The wolf bites you!
You die...

#...................
#.###...###.########
####.....##.# #
#.......#.########
#..P....#.........
#...P.............
#.........##......
#hhP.P....##......
#@h.†.P..###......
#Ph>..............
#P...P..##########
#..P....# ##PPP.P##
#######


You could see 4 wolves.

Vanquished Creatures
  Gastronok (D:8)
  A hydra (D:9)
  2 two-headed ogres
  Pikel (D:7)
  A deep elf pyromancer (D:10)
  Maggie (D:8)
  A kobold demonologist (D:10)
  A komodo dragon (D:9)
  A troll (D:9)
  Prince Ribbit (D:7)
  A hornet (D:9)
  3 wyverns
  Sigmund (D:4)
  A wraith (D:8)
  Eustachio (D:6)
  A steam dragon (D:7)
  2 acid dragons (D:10)
  2 water moccasins
  An ice beast (D:6)
  3 sky beasts
  2 wolves (D:9)
  An ogre (D:6)
  A necrophage (D:5)
  4 centaurs
  2 kobold brigands
  6 bullfrogs
  A gnoll sergeant (D:8)
  A scorpion (D:7)
  4 killer bees (D:9)
  4 wights (D:9)
  2 howler monkeys (D:9)
  8 electric eels
  2 jellies
  A hound (D:5)
  4 orc priests
  2 gnoll shamans
  Ijyb (D:4)
  3 iguanas
  7 orc wizards
  17 gnolls
  10 adders
  2 shadow imps
  5 worms
  4 dart slugs
  25 orcs
  7 ball pythons
  8 endoplasms
  4 giant cockroaches
  14 goblins
  10 hobgoblins
  8 quokkas
  6 bats
  13 kobolds
  5 rats
221 creatures vanquished.

Vanquished Creatures (collateral kills)
  A gnoll sergeant (D:9)
  3 gnolls (D:9)
4 creatures vanquished.

Vanquished Creatures (others)
  A steam dragon (D:9)
  A kobold (D:7)
  3 fungi (D:4)
  28 plants (D:9)
33 creatures vanquished.

Grand Total: 258 creatures vanquished

Notes
Turn   | Place    | Note
-------+----------+-------------------------------------------
     0 | D:1      | enile the Naga Warper began the quest for the Orb.
     0 | D:1      | Reached XP level 1. HP: 19/19 MP: 3/3
   192 | D:1      | Reached XP level 2. HP: 16/27 MP: 5/5
   565 | D:1      | Reached skill level 1 in Stealth
   565 | D:1      | Reached XP level 3. HP: 31/34 MP: 6/6
   580 | D:1      | Learned a level 2 spell: Blink
   998 | D:1      | Reached skill level 2 in Stealth
  1432 | D:2      | Reached skill level 3 in Stealth
  1623 | D:2      | Reached XP level 4. HP: 42/42 MP: 7/7
  1730 | D:2      | Found a shimmering altar of Xom.
  1745 | D:2      | Reached skill level 4 in Stealth
  2507 | D:3      | Found a radiant altar of Vehumet.
  2857 | D:3      | Reached XP level 5. HP: 40/50 MP: 8/8
  3045 | D:3      | Found a glowing golden altar of the Shining One.
  3162 | D:3      | Reached skill level 1 in Short Blades
  3162 | D:3      | Reached skill level 1 in Maces & Flails
  3857 | D:4      | Reached skill level 5 in Fighting
  3857 | D:4      | Reached XP level 6. HP: 17/61 MP: 9/9
  4228 | D:4      | Noticed Sigmund
  4232 | D:4      | Identified a scroll of acquirement
  4234 | D:4      | Acquired the +3 pair of gauntlets of War {Slay+5}
  4234 | D:4      | Found the +3 pair of gauntlets of War {Slay+5}
  4241 | D:4      | Killed Sigmund
  4382 | D:4      | Reached XP level 7. HP: 67/67 MP: 10/10
  4488 | D:4      | Found a white marble altar of Elyvilon.
  4489 | D:4      | Found a basalt altar of Yredelemnul.
  4489 | D:4      | Found a shimmering altar of Xom.
  4489 | D:4      | Found an ancient bone altar of Kikubaaqudgha.
  5045 | D:4      | Found a runed translucent gate.
  5045 | D:4      | Found a runed translucent gate.
  5045 | D:4      | Found a runed translucent gate.
  5046 | D:4      | Noticed Rassilon's ghost (amateur GnCA)
  5127 | D:4      | Noticed Ijyb
  5136 | D:4      | Killed Ijyb
  5606 | D:5      | Entered Level 5 of the Dungeon
  5612 | D:5      | Reached skill level 5 in Stealth
  5651 | D:5      | Found a staircase to the Ecumenical Temple.
  5714 | D:5      | Reached skill level 6 in Stealth
  6049 | D:5      | Reached XP level 8. HP: 55/76 MP: 11/11
  6483 | D:6      | Got Cynleiguc's Spellcraft for Novices
  6694 | D:6      | Reached skill level 7 in Stealth
  6758 | D:6      | Noticed Eustachio
  6770 | D:6      | Killed Eustachio
  6771 | D:6      | Reached skill level 8 in Stealth
  7081 | D:6      | Found a transporter.
  7081 | D:6      | Noticed yahweh's ghost (novice MiBe)
  7088 | D:6      | Found a transporter.
  7615 | D:6      | Reached skill level 5 in Evocations
  7625 | D:6      | Identified the +3 flail "Wakouck" {venom, rF+ Int+2}
  7635 | D:6      | Reached XP level 9. HP: 38/85 MP: 12/12
  8397 | D:7      | Noticed Prince Ribbit
  8421 | D:7      | Killed Prince Ribbit
  8422 | D:7      | Reached skill level 1 in Throwing
  8566 | D:7      | Found Nycvekuch's Mass Market.
  8676 | Temple   | Entered the Ecumenical Temple
  8860 | Temple   | Became a worshipper of Cheibriados the Contemplative
  8979 | D:7      | Noticed Pikel
  9131 | D:7      | Learned a level 3 spell: Teleport Other
  9227 | D:7      | Killed Pikel
  9233 | D:7      | Identified the +1 chain mail of the Lion {Slay+2 Stlth+}
  9713 | D:7      | Identified the -6 hat "Tukogub" {rC- Dex-3 SInv Stlth+}
  9722 | D:7      | Reached skill level 5 in Maces & Flails
 10239 | D:7      | Reached skill level 1 in Invocations
 11431 | D:8      | Reached XP level 10. HP: 60/96 MP: 13/13
 11439 | D:8      | Reached * piety under Cheibriados
 11622 | D:8      | Found Geeptim's Magic Scroll Shop.
 11786 | D:8      | Noticed Gastronok
 11802 | D:8      | Killed Gastronok
 11803 | D:8      | Reached skill level 5 in Invocations
 11994 | D:8      | Noticed Maggie
 12013 | D:8      | Killed Maggie
 13167 | D:8      | Bought a scroll of teleportation for 30 gold pieces
 13167 | D:8      | Bought a scroll of holy word for 75 gold pieces
 13167 | D:8      | Bought a scroll of identify for 20 gold pieces
 13167 | D:8      | Bought a scroll of identify for 20 gold pieces
 13286 | D:9      | Noticed a two-headed ogre
 13302 | D:10     | Entered Level 10 of the Dungeon
 13611 | D:10     | Noticed a kobold demonologist
 13613 | D:10     | Noticed a two-headed ogre
 13622 | D:10     | Killed a two-headed ogre
 13689 | D:10     | Found a burning altar of Makhleb.
 13717 | D:10     | Noticed a sixfirhy
 13726 | D:10     | Killed a kobold demonologist
 14094 | D:10     | Found a hazy altar of Hepliaklqana.
 14094 | D:10     | Found a bloodstained altar of Trog.
 14279 | D:10     | Reached XP level 11. HP: 75/103 MP: 15/15
 14417 | D:10     | Found a sparkling altar of Nemelex Xobeh.
 14450 | D:10     | Found a stormy altar of Qazlal.
 14676 | D:10     | Reached ** piety under Cheibriados
 15064 | D:10     | Found a glowing silver altar of Zin.
 15082 | D:10     | Reached skill level 9 in Stealth
 15351 | D:10     | Noticed a deep elf pyromancer
 15357 | D:10     | Killed a deep elf pyromancer
 15358 | D:10     | Reached skill level 10 in Stealth
 15557 | D:11     | Noticed a manticore
 16010 | D:9      | Killed a two-headed ogre
 16011 | D:9      | Reached skill level 11 in Stealth
 16354 | D:9      | Reached skill level 1 in Bows
 16809 | D:9      | Found a staircase to the Lair.
 17163 | D:9      | Noticed a five-headed hydra
 17291 | D:9      | Killed a five-headed hydra
 17687 | Lair:1   | Entered Level 1 of the Lair of Beasts
 17808 | D:9      | Slain by a wolf

Illustrated notes

Levels and vault maps discovered:
D:1:      dpeg_arrival_erosion, layout_loops_cross, kennysheep_another_room,
          minivault_23, minmay_tall_x
D:2:      layout_basic, basic_altar, hangedman_glass_teeth, grunt_ministairs_12
D:3:      layout_basic, mainiacjoe_overflow_boulevard, tso_metal_star,
          nicolae_wormholes
D:4:      layout_basic, chequers_temple_overflow_statue_of_worship,
          gammafunk_ghost_nasty_kobolds, grunt_decor_mini_mirrors,
          kennysheep_small_square, uniq_sigmund, uniq_ijyb
D:5:      layout_loops_cross, minmay_temple_entry_ruins, minmay_fountain_box
D:6:      layout_loops_corners, gammafunk_ghost_stat_death,
          kennysheep_big_empty_room, uniq_eustachio
D:7:      layout_cave_pools, minivault_10, minmay_shop_mass, kennysheep_boxes,
          uniq_pikel, uniq_prince_ribbit1
D:8:      layout_loops_corners, serial_shops, nicolae_shop_waterfront,
          uniq_maggie, uniq_gastronok
D:9:      kennysheep_big_flooded_room, layout_long_grid, david_lair_shrubbed
D:10:     layout_basic, mainiacjoe_overflow_surrounded_room,
          nemelex_diamond_rough_becter, mainiacjoe_overflow_catch_the_wave,
          gammafunk_temple_overflow_pools, minivault_25_ag,
          kennysheep_generic_room_10
D:11:     layout_roguey, gammafunk_ghost_wrathful_warriors,
          minmay_alternating_orb
Temple:   chequers_temple_sunken
Lair:1:   layout_hall_layers, uniq_urug, uniq_joseph

Skill      XL: |  1  2  3  4  5  6  7  8  9 10 11 |
---------------+----------------------------------+-----
Fighting       | 3 4 5 6 8 |  8.1
Dodging        | 2 3 4 |  4.0
Stealth        | 1 3 4 6 8 11 | 11.0
Short Blades   | 1 |  1.4
Maces & Flails | 1 2 3 5 6 7 |  7.0
Armour         | 2 3 |  3.0
Evocations     | 5 7 |  7.0
Throwing       | 2 4 |  4.0
Translocations | 4 |  4.0
Invocations    | 2 5 6 |  6.0
Bows           | 3 |  3.0
Long Blades    | |  2.0
Spellcasting   | |  2.0

Action                   |  1- 3 |  4- 6 |  7- 9 | 10-12 || total
-------------------------+-------+-------+-------+-------++-------
Melee: Falchion          |    36 |       |       |       ||    36
       Dagger            |   138 |   164 |       |       ||   302
       Punch             |     2 |       |     1 |     5 ||     8
       Whip              |       |    49 |   161 |       ||   210
       Flail             |       |       |    93 |   140 ||   233
 Fire: Shortbow          |       |       |       |    40 ||    40
Throw: Boomerang         |     5 |       |     3 |     2 ||    10
       Dart              |       |     1 |     7 |     4 ||    12
       Throwing net      |       |       |     3 |     2 ||     5
 Cast: Blink             |     2 |     3 |     1 |     1 ||     7
       Teleport Other    |       |       |     1 |     1 ||     2
Invok: Bend Time         |       |       |       |     4 ||     4
 Abil: Spit Poison       |     9 |    23 |    42 |    15 ||    89
Evoke: Wand              |       |       |     9 |    15 ||    24
       Box of beasts     |       |       |       |     1 ||     1
  Use: Potion            |     1 |       |       |     6 ||     7
       Scroll            |       |     3 |     7 |    15 ||    25
 Stab: Sleeping          |     1 |     3 |     9 |     2 ||    15
Armor: Robe              |    76 |    78 |   125 |   141 ||   420
       Leather armour    |     3 |       |       |       ||     3
Dodge: Dodged            |   110 |    86 |   168 |   166 ||   530

Table legend: (Time is in decaauts)
 A = Elapsed time spent in this place.
 B = Non-inter-level travel time spent in this place.
 C = Inter-level travel time spent in this place.
 D = Time resting spent in this place.
 E = Time spent auto-exploring this place.
 F = Levels seen in this place.
 G = Mean time per level.
                   A        B        C        D        E       F      G
               +--------+--------+--------+--------+--------+-----+--------+
         Total |  22618 |  21662 |    956 |   1948 |  16832 |  13 | 1739.8 |
       Dungeon |  22233 |  21325 |    908 |   1948 |  16529 |  11 | 2021.2 |
        Temple |    378 |    330 |     48 |      0 |    303 |   1 |  378.0 |
          Lair |      6 |      6 |      0 |      0 |      0 |   1 |    6.0 |
               +--------+--------+--------+--------+--------+-----+--------+

Top non-repeatable levels by time:
     D:7: 3223 daAuts
     D:8: 3176 daAuts
    D:10: 3147 daAuts
     D:9: 2604 daAuts
     D:6: 2354 daAuts
     D:4: 2185 daAuts
     D:1: 1651 daAuts
     D:2: 1457 daAuts
     D:3: 1422 daAuts
     D:5: 1003 daAuts
  Temple: 378 daAuts
    D:11: 7 daAuts
  Lair:1: 6 daAuts
